 Dungeon Crawl Stone Soup version 0.28.0-45-g0d030f2227 (webtiles) character file.

Game seed: 11409856722239422452

3164 MeArio the Fighter (level 9, -8/83 HPs)
             Began as a Minotaur Fighter on Apr 13, 2022.
             Was a Believer of Yredelemnul.
             Mangled by a five-headed hydra (11 damage)
             ... on level 7 of the Dungeon.
             The game lasted 00:28:16 (6282 turns).

MeArio the Fighter (Minotaur Fighter)               Turns: 6282, Time: 00:28:16

Health: -8/83      AC:  7    Str: 26    XL:     9   Next: 63%
Magic:  8/8        EV: 10    Int:  5    God:    Yredelemnul [**....]
Gold:   245        SH:  6    Dex:  9    Spells: 8/8 levels left

rFire   + . .      SeeInvis .   y - +1 hand axe (flame)
rCold   + . .      Faith    .   c - +1 buckler
rNeg    . . .      Spirit   .   i - +1 ring mail of Seeruschu {-Tele rElec rPois rF+}
rPois   +          Reflect  .   (helmet restricted)
rElec   +          Harm     .   o - +0 cloak
rCorr   .          Rampage  .   E - +1 pair of gloves
Will    .....      NoTele   +   (no boots)
Stlth   ..........              s - amulet of regeneration
HPRegen 1.03/turn               G - ring of protection from cold
MPRegen 0.11/turn               (no ring)

@: corroded, studying Earth Magic
A: horns 2, retaliatory headbutt
a: Renounce Religion, Recall Undead Harvest, Dark Bargain


You were on level 7 of the Dungeon.
You worshipped Yredelemnul.
Yredelemnul was noncommittal.
You visited 1 branch of the dungeon, and saw 7 of its levels.
You also visited: Sewer.

You collected 394 gold pieces.
You spent 149 gold pieces at shops.

Inventory:

Hand Weapons
 a - a +1 long sword
 w - a +2 hand axe of freezing
 y - a +1 hand axe of flaming (weapon)
Missiles
 x - 9 poisoned darts (quivered)
 D - 2 throwing nets
Armour
 b - a +0 scale mail
 c - a +1 buckler (worn)
 i - the +1 ring mail of Seeruschu (worn) {-Tele rElec rPois rF+}
   (You found it on level 2 of the Dungeon)

   rF:        It protects you from fire.
   rElec:     It insulates you from electricity.
   rPois:     It protects you from poison.
   -Tele:     It prevents most forms of teleportation.
 o - a +0 cloak (worn)
 A - a +0 pair of gloves
 E - a +1 pair of gloves (worn)
Jewellery
 r - an amulet of faith
 s - an amulet of regeneration (around neck)
 G - a ring of protection from cold (left hand)
Wands
 k - a wand of polymorph (13)
Scrolls
 f - 4 scrolls of enchant weapon
 g - a scroll of summoning
 p - 3 scrolls of immolation
 u - a scroll of teleportation
 v - 5 scrolls of identify
 z - a scroll of fog
 F - a scroll of enchant armour
Potions
 d - a potion of might
 e - 3 potions of heal wounds {unknown}
 h - a potion of ambrosia {unknown}
 j - 2 potions of brilliance
 l - 2 potions of lignification {unknown}
 m - 4 potions of curing
 n - a potion of magic {unknown}
 q - 2 potions of flight
 t - 3 potions of attraction {unknown}


   Skills:
 + Level 9.0 Fighting
 - Level 5.7 Long Blades
 + Level 5.9 Axes
 + Level 9.0 Armour
 + Level 8.9 Shields


You had 8 spell levels left.
You didn't know any spells.
Your spell library contained the following spells:

 Spells                   Type           Power      Damage    Failure   Level
 Apportation              Tloc           0%         N/A       67%         1
 Sting                    Tmut/Pois      0%         1d3       67%         1
 Poisonous Vapours        Pois/Air       0%         N/A       80%         2
 Sublimation of Blood     Necr           0%         N/A       80%         2
 Wereblood                Tmut           0%         N/A       80%         2
 Call Canine Familiar     Summ           0%         N/A       95%         3
 Dazzling Flash           Conj/Hex       0%         N/A       95%         3
 Portal Projectile        Hex/Tloc       0%         N/A       95%         3
 Leda's Liquefaction      Hex/Erth       0%         N/A       100%        4
 Agony                    Necr           0%         N/A       100%        5
 Alistair's Intoxication  Tmut/Pois      0%         N/A       100%        5
 Fireball                 Conj/Fire      0%         3d3       100%        5
 Iskenderun's Battlesphe  Conj           0%         2d6       100%        5
 Silence                  Hex/Air        0%         N/A       100%        5
 Conjure Ball Lightning   Conj/Air       0%         3x3d6     100%        6
 Eringya's Noxious Bog    Tmut/Pois      0%         N/A       100%        6
 Starburst                Conj/Fire      0%         6d3       100%        6
 Orb of Destruction       Conj           0%         9d5       100%        7
 Summon Hydra             Summ           0%         N/A       100%        7


Dungeon Overview and Level Annotations

Branches:
Dungeon (7/15)              Sewer (visited)
 Temple: D:4-7

Altars:
Cheibriados
Makhleb
Yredelemnul
The Shining One

Shops:
D:5 ?   D:6 *

Annotations:
D:7 1 transporter


Innate Abilities, Weirdness & Mutations

You have a pair of horns on your head.
You reflexively headbutt those who attack you in melee.


Message History

Item here: 10 gold pieces.
The floor.
Unknown command.
You can't go down here!
You can't go up here!
You can't go down here!
There is a transporter landing site here.
You can't go down here!
The six-headed hydra roars!
The jelly jiggles.
There is a transporter here.
You enter the transporter and appear at another place.
The rakshasa blinks!
You can't go up here!
You can't go down here!
Your +2 hand axe of freezing stops glowing.
Your +1 hand axe of flaming bursts into flame!
y - a +1 hand axe of flaming (weapon)
The wraith barely misses you.
You chop one of the six-headed hydra's heads off!
The flame cauterises the wound!
You hit the five-headed hydra. You burn the five-headed hydra.
The five-headed hydra is lightly wounded.
You barely miss the wraith. You hit the jelly. You burn the jelly.
The acid corrodes you!
Your hands burn!
The five-headed hydra bites you! x2
The five-headed hydra barely misses you. x2
The five-headed hydra bites you. The jelly misses you.
The rakshasa gestures at you. The lance of force hits you!!
You are knocked back by the lance of force.
You collide with the jelly!
The jelly is almost dead.
* * * LOW HITPOINT WARNING * * *
The wraith hits you but does no damage.
As you read the scroll of fog, it crumbles to dust.
The scroll dissolves into smoke.
The five-headed hydra bites you!
* * * LOW HITPOINT WARNING * * *
The five-headed hydra bites you!
You die...
Your body rises from the dead as a mindless zombie.

##.....©.......#.....)..
#..#########.......).)..
#.##8$._.$8##.....#.####
#.#.)?()$:..#.......#
#.#.#.....#.#.....#.....
#.#..#...#R.#....#######
#.#..§.§.§.©#..#.#
#.#..#§§§#..#..#.#
#.#.#§W@§.#.#..#.#
#.#...JD§...#.##.#
#.##8§..§.8##(##.#
#..#########..##.#######
##.ZZZZ§.....###...Z....
#####...##### #########
##..# ##.# ...


You could see a five-headed hydra (ally target), a wraith, a jelly, a friendly
black bear zombie, a friendly gnoll zombie and a friendly gnoll sergeant zombie.

Vanquished Creatures
  2 yaks (D:5)
  A steam dragon (D:3)
  The ghost of 101zpm the Magician, an amateur DjIE (D:4)
  2 black bears
  A necrophage (D:6)
  An ice beast (D:6)
  An ogre (D:5)
  A centaur (D:4)
  A bullfrog (Sewer)
  A kobold brigand (D:6)
  4 scorpions
  A centaur zombie (D:6)
  A jelly (D:5)
  2 bullfrog skeletons (D:5)
  A hound (D:3)
  4 orc priests
  3 iguanas
  Jessica (D:2)
  A gnoll shaman (D:6)
  2 orc wizards (D:6)
  11 adders
  10 gnolls
  An ufetubus (D:5)
  An adder skeleton (D:4)
  3 dart slugs
  13 orcs
  5 endoplasms
  10 giant cockroaches
  7 goblins
  8 hobgoblins
  14 jackals
  10 kobolds
  2 quokkas
  3 ball pythons
  3 bats
  10 frilled lizards
  4 rats
147 creatures vanquished.

Vanquished Creatures (collateral kills)
  2 yaks (D:5)
  A black bear (D:5)
  2 ogres (D:5)
  A centaur (D:5)
  A bullfrog (Sewer)
  A gnoll sergeant (D:7)
  A howler monkey (D:5)
  A jelly (D:5)
  2 hounds (D:5)
  An orc priest (D:6)
  An iguana (D:5)
  An orc wizard (D:6)
  A gnoll (D:7)
  2 adders
  A white imp (D:6)
  An ufetubus (D:5)
  A dart slug (D:5)
  2 orcs
  2 giant cockroaches (Sewer)
  A kobold (D:6)
  A quokka (Sewer)
  2 frilled lizards (Sewer)
29 creatures vanquished.

Vanquished Creatures (others)
  A black bear zombie (D:5)
  A scorpion zombie (D:5)
  A hound zombie (D:5)
  An iguana zombie (D:5)
  4 gnoll zombies (D:6)
  3 frilled lizard zombies (Sewer)
  2 giant cockroach zombies (Sewer)
  6 kobold zombies (D:6)
  3 orc zombies (D:6)
  A quokka zombie (Sewer)
  A spectral ufetubus (D:5)
24 creatures vanquished.

Grand Total: 200 creatures vanquished

Notes
Turn   | Place    | Note
-------+----------+-------------------------------------------
     0 | D:1      | MeArio the Minotaur Fighter began the quest for the Orb.
     0 | D:1      | Reached XP level 1. HP: 19/19 MP: 0/0
   265 | D:1      | Reached XP level 2. HP: 23/27 MP: 1/1
   619 | D:1      | Reached XP level 3. HP: 33/33 MP: 2/2
  1287 | D:2      | Identified the +1 ring mail of Seeruschu {-Tele rElec rPois
                  | rF+}
  1492 | D:2      | Reached XP level 4. HP: 40/40 MP: 3/3
  1692 | D:2      | Found a faded altar of an unknown god.
  1757 | D:2      | Noticed Jessica
  1762 | D:2      | Killed Jessica
  2012 | D:3      | Reached XP level 5. HP: 38/47 MP: 4/4
  2632 | D:3      | Noticed a steam dragon
  2652 | D:3      | Killed a steam dragon
  2653 | D:3      | Reached skill level 5 in Fighting
  2653 | D:3      | Reached skill level 5 in Armour
  2653 | D:3      | Reached skill level 5 in Shields
  2653 | D:3      | Reached XP level 6. HP: 27/56 MP: 5/5
  3221 | D:4      | Found a snail-covered altar of Cheibriados.
  3221 | D:4      | Found a glowing golden altar of the Shining One.
  3488 | D:4      | Noticed 101zpm's ghost (amateur DjIE)
  3491 | D:4      | Found a runed translucent door.
  3517 | D:4      | Killed 101zpm's ghost
  3518 | D:4      | Reached skill level 5 in Long Blades
  3518 | D:4      | Reached XP level 7. HP: 55/62 MP: 6/6
  4126 | D:4      | Found a basalt altar of Yredelemnul.
  4131 | D:4      | Became a worshipper of Yredelemnul the Dark
  4160 | D:5      | Entered Level 5 of the Dungeon
  4194 | D:5      | Reached skill level 1 in Axes
  4264 | D:5      | Noticed a yak
  4276 | D:5      | Killed a yak
  4276 | D:5      | Reached * piety under Yredelemnul
  4277 | D:5      | Reached XP level 8. HP: 60/71 MP: 7/7
  4299 | D:5      | Reached ** piety under Yredelemnul
  4305 | D:5      | Reached *** piety under Yredelemnul
  4406 | D:5      | Reached **** piety under Yredelemnul
  4417 | D:5      | Found Xaizxose's Magic Scroll Boutique.
  4423 | D:5      | Bought a scroll of identify for 26 gold pieces
  4423 | D:5      | Bought a scroll of enchant weapon for 97 gold pieces
  4423 | D:5      | Bought a scroll of identify for 26 gold pieces
  4570 | D:5      | Reached ***** piety under Yredelemnul
  4570 | D:5      | Reached XP level 9. HP: 81/81 MP: 8/8
  5305 | D:6      | Reached skill level 5 in Axes
  5433 | D:6      | Found Ahyhur's Elemental Accessories.
  5770 | D:6      | Found a glowing drain.
  5779 | Sewer    | Entered a sewer
  6008 | Sewer    | Got Oniashov's Incunabulum of Igneous Envenoming
  6192 | D:7      | Found a transporter.
  6194 | D:7      | Found a burning altar of Makhleb.
  6194 | D:7      | Found a transporter.
  6196 | D:7      | Noticed a rakshasa
  6262 | D:7      | Noticed a six-headed hydra
  6282 | D:7      | HP: 3/83 [five-headed hydra (10)]
  6282 | D:7      | Mangled by a five-headed hydra

Illustrated notes

Levels and vault maps discovered:
D:1:      wander_arrival_fairy_ring, layout_basic
D:2:      layout_loops_ring, ebering_ecumenical_altar_ruins,
          kennysheep_generic_room_10, uniq_jessica
D:3:      layout_basic
D:4:      layout_basic, mainiacjoe_overflow_alcove_4,
          gammafunk_temple_overflow_statue, hellmonk_ghost_happy_afterlife,
          minmay_misc_feat_rugged, minmay_pentangle
D:5:      layout_gridville, serial_shops, shop, minmay_manual_mullet
D:6:      layout_rooms, portal_sewer_entry_d, nicolae_elemental_shop
D:7:      layout_loops_ring, gammafunk_temple_overflow_arena,
          kennysheep_vampire_church, mainiacjoe_overflow_small_starburst,
          minmay_temple_entry_glassed_door

Skill      XL: |  1  2  3  4  5  6  7  8  9 |
---------------+----------------------------+-----
Shields        | 4 5 6 7 8 |  8.9
Armour         | 4 5 6 7 9 |  9.0
Fighting       | 4 5 6 7 9 |  9.0
Long Blades    | 3 4 5 |  5.7
Axes           | 1 4 5 |  5.9

Action                   |  1- 3 |  4- 6 |  7- 9 || total
-------------------------+-------+-------+-------++-------
Melee: Long sword        |    70 |    89 |    40 ||   199
       Headbutt          |     7 |    12 |    37 ||    56
       Hand axe          |       |       |   175 ||   175
Throw: Dart              |       |       |     7 ||     7
Invok: Dark Bargain      |       |       |     3 ||     3
       Recall Undead Har |       |       |     1 ||     1
  Use: Scroll            |       |     8 |     7 ||    15
 Stab: Distracted        |       |       |     4 ||     4
Armor: Scale mail        |    25 |       |       ||    25
       Ring mail         |     2 |    44 |   100 ||   146
Dodge: Dodged            |    37 |    43 |    91 ||   171
Block: Buckler           |    20 |    18 |    73 ||   111
